Map: Goldenaura LE

Players

MRCOW - Winner!

  • Race: Zerg Zerg
  • League: Diamond
  • Spawn Location: 5:00

SubN

  • Race: Zerg Zerg
  • League: Diamond
  • Spawn Location: 12:00

VOD

Have the link to the VOD?

Description

Time

  • Played on: Jan. 12, 2024, 7:28 p.m.
  • Length: 8:28
Show
View Real Time Build Order
Export as new Build Order

MRCOW Zerg - Winner!

Build Orders: Hatch First, Zergling Baneling 

Get SALT Encoding   

  12  0:00  Drone  
  13  0:12  Overlord  
  13  0:17  Drone  
  14  0:30  Drone  
  14  0:31  Drone  
  16  0:49  Hatchery  
  15  0:52  Drone  
  16  1:06  Spawning Pool  
  16  1:09  Extractor  
  16  1:11  Drone  
  15  1:15  Drone  
  16  1:19  Drone  
  16  1:22  Drone  
  18  1:33  Drone  
  19  1:43  Overlord  
  19  1:53  Queen  
  21  1:55  Zergling x2  
  22  2:02  Zergling x2  
  22  2:03  Queen  
  25  2:09  Metabolic Boost  
  25  2:17  Drone x2  
  25  2:18  Drone  
  28  2:26  Drone  
  28  2:27  Drone  
  30  2:32  Overlord  
  30  2:37  Drone  
  31  2:48  Drone  
  31  2:49  Overlord  
  32  2:56  Zergling x2  
  33  3:03  Zergling x8  
  37  3:10  Zergling x2  
  38  3:13  Zergling x2  
  38  3:16  Overlord  
  37  3:25  Zergling x2  
  37  3:36  Baneling Nest  
  37  3:38  Zergling x14  
  43  3:48  Zergling x4  
  45  3:54  Zergling x4  
  47  4:05  Zergling x4  
  49  4:24  Baneling x5  
  49  4:25  Baneling x4  
  49  4:26  Zergling x8  
  49  4:27  Zergling x4  
  55  4:45  Hatchery  
  46  4:58  Drone  
  46  4:59  Drone x7  
  49  5:10  Drone x2  
  51  5:15  Roach Warren  
  51  5:16  Evolution Chamber  
  51  5:18  Drone, Evolution Chamber, Extractor  
  51  5:20  Drone  
  49  5:30  Drone x2  
  51  5:38  Drone  
  52  5:42  Extractor  
  52  5:44  Drone  
  52  5:45  Drone x5, Extractor  
  52  5:48  Drone  
  57  5:53  Zerg Ground Armor Level 1, Zerg Missile Weapons Level 1  
  57  5:58  Lair  
  57  6:09  Drone x4  
  61  6:12  Queen  
  61  6:14  Roach  
  61  6:16  Overlord x3  
  65  6:26  Overlord x2  
  65  6:34  Overlord x2  
  65  6:36  Roach x2  
  65  6:37  Roach  
  65  6:39  Roach  
  73  6:44  Roach x2  
  77  6:52  Roach x3  
  83  6:56  Glial Reconstitution  
  83  6:57  Roach  
  85  7:09  Roach x4  
  85  7:10  Roach  
  95  7:20  Roach x4  
  103  7:32  Drone  
  103  7:33  Drone x4  
  100  7:47  Roach x3  
  100  7:48  Roach x3  
  107  7:58  Roach  
  109  8:04  Roach  
  109  8:05  Roach x2  
Show
View Real Time Build Order
Export as new Build Order

SubN Zerg 

Build Orders: Pool First 

Get SALT Encoding   

  12  0:00  Drone  
  13  0:12  Overlord  
  13  0:17  Drone  
  14  0:30  Drone x2  
  14  0:34  Drone  
  17  0:44  Extractor  
  17  0:46  Spawning Pool  
  17  0:49  Drone  
  16  1:12  Hatchery  
  16  1:17  Drone  
  16  1:20  Drone  
  16  1:24  Drone  
  18  1:29  Drone  
  19  1:40  Queen  
  19  1:44  Zergling x2  
  22  1:50  Metabolic Boost  
  22  1:57  Overlord  
  22  2:04  Overlord  
  22  2:21  Zergling x2  
  23  2:25  Zergling x4  
  23  2:26  Queen  
  27  2:34  Drone  
  28  2:42  Drone  
  29  2:45  Drone x2  
  31  2:52  Overlord  
  31  2:53  Overlord  
  31  2:57  Drone x2  
  33  3:03  Drone  
  34  3:06  Queen  
  35  3:32  Drone x5  
  40  3:38  Evolution Chamber  
  40  3:39  Evolution Chamber  
  40  3:40  Drone  
  39  3:42  Lair  
  39  3:43  Roach Warren  
  38  3:54  Zergling x6  
  41  3:59  Hatchery  
  40  4:04  Zergling x2  
  40  4:09  Zergling x4  
  43  4:17  Zergling x8  
  47  4:26  Drone  
  47  4:27  Drone  
  47  4:31  Drone  
  50  4:38  Drone  
  50  4:40  Drone  
  47  4:54  Zergling x10  
  44  5:04  Drone x3  
  44  5:05  Extractor  
  46  5:08  Roach  
  46  5:12  Roach  
  50  5:24  Drone x2  
  52  5:33  Overlord  
  52  5:34  Overlord x5  
  52  5:35  Overlord  
  52  5:40  Evolution Chamber  
  51  5:46  Drone  
  51  5:48  Extractor  
  51  5:51  Glial Reconstitution, Queen  
  51  5:54  Drone x2  
  51  5:55  Drone  
  56  5:59  Extractor  
  56  6:05  Drone x3  
  56  6:09  Roach x2  
  63  6:14  Zerg Missile Weapons Level 1  
  63  6:15  Roach x2  
  67  6:24  Drone x2  
  69  6:31  Roach x3  
  69  6:32  Roach x2  
  81  6:40  Roach x2  
  81  6:42  Drone x3  
  81  6:46  Drone  
  87  6:53  Roach  
  89  6:54  Hatchery  
  88  7:02  Drone x4  
  92  7:10  Drone  
  93  7:16  Roach x2  
  93  7:17  Roach x2  
  101  7:22  Overlord  
  101  7:27  Drone  
  102  7:33  Roach  
  105  7:51  Hatchery  
  105  7:52  Roach  
  105  7:53  Roach x5  
Tags
 
Add a new tag
Caveats
  • Supply blocks, unpowered buildings, or Contaminate may cause inaccurate times.
  • Supply counts are checked every 10 seconds.